 Dungeon Crawl Stone Soup version 0.31-a0-202-g547052bce9 (webtiles) character file.

Game seed: 3061209287932178361

23 qw the Shooter (level 2, -3/16 HPs)
             Began as a Deep Elf Hunter on June 26, 2023.
             Blown up by Ijyb (11 damage)
             ... with a mindburst bolt
             ... on level 3 of the Dungeon.
             The game lasted 00:00:19 (626 turns).

qw the Shooter (Deep Elf Hunter)                     Turns: 626, Time: 00:00:19

Health: -3/16      AC:  2    Str:  8    XL:     2   Next: 75%
Magic:  4/4        EV: 10    Int: 13    God:
Gold:   63         SH:  0    Dex: 18    Spells: 1/1 levels left

rFire   . . .        Y - +0 shortbow
rCold   + . .        (shield currently unavailable)
rNeg    . . .        h - +0 ring mail
rPois   .            (no helmet)
rElec   .            (no cloak)
rCorr   .            (no gloves)
SInv    .            (no boots)
Will    .....        (no amulet)
Stlth   +            (no ring)
HPRegen 0.22/turn    (no ring)
MPRegen 0.09/turn

%: no passive effects
@: no status effects
A: hooves 1, cold resistance 1, deformed body, high MP 1
a: no special abilities


You were on level 3 of the Dungeon.
You visited 1 branch of the dungeon, and saw 3 of its levels.

You collected 85 gold pieces.
You spent 22 gold pieces at shops.


Innate Abilities, Weirdness & Mutations

You have large cloven feet.
Your flesh is cold resistant. (rC+)
Armour fits poorly on your strangely shaped body.
You have an increased reservoir of magic. (+10% MP)


   Skills:
 - Level 1.5 Fighting
 + Level 6.5 Ranged Weapons
 - Level 2.4 Dodging
 - Level 1.2 Stealth


You had one spell level left.
You didn't know any spells.
Your spell library was empty.

Inventory:

Hand Weapons
 Y - a +0 shortbow (weapon)
Armour
 h - a +0 ring mail (worn)
Potions
 d - a potion of brilliance {unknown}
 f - a potion of heal wounds {unknown}
 k - a potion of mutation

Dungeon Overview and Level Annotations

Branches:
Dungeon (2/15)

Altars:

Shops:
D:1 *

Annotations:
D:3 Ijyb


Message History

Waypoint 1 assigned to D:2.
A ball python comes into view.
The ball python hisses angrily.
You shoot an arrow. The arrow hits the ball python.
The ball python is severely wounded.
You shoot an arrow.
The arrow barely misses the ball python.
The ball python bites you. The ball python grabs you.
The ball python constricts you. The ball python barely misses you.
The ball python constricts you.
You shoot an arrow. The arrow hits the ball python!
You kill the ball python!
Found a stone staircase leading down and a stone staircase leading up.
A ball python comes into view.
The ball python hisses angrily.
You shoot an arrow. The arrow hits the ball python!
You kill the ball python!
You feel your willpower return.
A frilled lizard comes into view.
You shoot an arrow. The arrow hits the frilled lizard.
You kill the frilled lizard!
Found 2 stones.
You see here 2 stones.
A sourceless malevolence fills the Dungeon...
You fall into a shaft and drop 1 floor!
The shaft crumbles and collapses.
Ijyb the Twisted Goblin comes into view.
She is wielding a +0 dagger and carrying a wand of mindburst (4).
Waypoint 2 assigned to D:3.
You shoot an arrow. The arrow hits Ijyb!
Ijyb shouts!
Ijyb is moderately wounded.
Ijyb zaps a wand.
Your mind is blasted!
Ouch! That really hurt!
You shoot an arrow. The arrow barely misses Ijyb.
You shoot an arrow. The arrow hits Ijyb but does no damage.
Ijyb is moderately wounded.
Ijyb zaps a wand.
Your mind is blasted!
You shoot an arrow. The arrow hits Ijyb but does no damage.
Ijyb is moderately wounded.
Ijyb zaps a wand.
Your mind is blasted!
Ouch! That really hurt!
You die...

#.# ..
###########.# ...
#...........#
#.#####.###########
#.....#.#
#.....#.###
#.....#...#
#.....###.#
#.....@...#
.......#####
....... .....#.
..g..## .... ...
###


You could see Ijyb.

Vanquished Creatures
  A dart slug (D:1)
  A goblin (D:1)
  3 hobgoblins (D:1)
  4 ball pythons
  3 bats (D:1)
  4 frilled lizards
  4 kobolds (D:1)
  3 rats (D:1)
23 creatures vanquished.

Notes
Turn   | Place    | Note
-------+----------+-------------------------------------------
     0 | D:1      | qw the Deep Elf Hunter began the quest for the Orb.
     0 | D:1      | Reached XP level 1. HP: 12/12 MP: 3/3
     0 | D:1      | 0 ||| qw: Version: 0.3-a-22-g0ed2b0b
     0 | D:1      | 0 ||| qw: Game counter: 5749
     0 | D:1      | 0 ||| qw: Melee chars always use a shield: true
     0 | D:1      | 0 ||| qw: God list: Okawaru
     0 | D:1      | 0 ||| qw: Allow faded altars: false
     0 | D:1      | 0 ||| qw: Do Orc after clearing Dungeon:15 true
     0 | D:1      | 0 ||| qw: Do second Lair branch before Depths: true
     0 | D:1      | 0 ||| qw: Lair rune preference: random
     0 | D:1      | 0 ||| qw: Goals: Normal
     0 | D:1      | 0 ||| PLANNING D:1-11
    57 | D:1      | Found a faded altar of an unknown god.
   228 | D:1      | Reached XP level 2. HP: 16/16 MP: 4/4
   232 | D:1      | Reached skill level 6 in Ranged Weapons
   477 | D:1      | Found Eclo's Assorted Antiques.
   485 | D:1      | 485 ||| BUYING scroll labelled HEDE RITANTE (22 gold).
   485 | D:1      | Bought a scroll labelled HEDE RITANTE for 22 gold pieces
   485 | D:1      | 485 ||| SHOPLISTING shiny pearl ring (110 gold, have 63).
   485 | D:1      | 485 ||| SHOPLISTING wooden ring (110 gold, have 63).
   493 | D:1      | 493 ||| UPGRADING to +0 ring mail.
   503 | D:1      | 503 ||| DROPPING +0 leather armour.
   504 | D:1      | 504 ||| DROPPING ring of flight.
   505 | D:1      | 505 ||| READING scroll labelled APENUVV MAGEZ.
   506 | D:1      | 506 ||| READING 2 scrolls labelled HEDE RITANTE.
   507 | D:1      | 507 ||| READING scroll labelled AGHISOFR XUURI.
   508 | D:1      | 508 ||| READING scroll labelled KOEBOL SIEFECE.
   509 | D:1      | 509 ||| READING scroll labelled YSHRAST GUIJU.
   510 | D:1      | 510 ||| DRINKING 2 murky coppery potions.
   510 | D:1      | Gained mutation: You have large cloven feet. [potion of
                  | mutation]
   510 | D:1      | Gained mutation: Your flesh is cold resistant. (rC+)
                  | [potion of mutation]
   510 | D:1      | Gained mutation: Armour fits poorly on your strangely
                  | shaped body. [potion of mutation]
   510 | D:1      | Gained mutation: You have an increased reservoir of magic.
                  | (+10% MP) [potion of mutation]
   511 | D:1      | 511 ||| DROPPING scroll of butterflies.
   512 | D:1      | 512 ||| DROPPING scroll of vulnerability.
   570 | D:2      | You fall into a shaft and drop 1 floor!
   622 | D:3      | Noticed Ijyb
   626 | D:3      | Blown up by Ijyb

Levels and vault maps discovered:
D:1:      matt_arrival_diagonals, layout_basic,
          shapermc_ecumenical_altar_pompeii, serial_shops, shop
D:2:      minmay_roachtagon, layout_basic, basic_altar, uniq_crazy_yiuf_cottage,
          uniq_sigmund
D:3:      minmay_diamond_boxcup, layout_basic, nicolae_overflow_hidden_temple,
          uniq_ijyb

Skill      XL: |  1  2 |
---------------+-------+-----
Ranged Weapons | 6 |  6.5
Fighting       | |  1.5
Dodging        | |  2.4
Stealth        | |  1.2

Action                     || total
---------------------------++-------
   Fire: Shortbow          ||    58
    Use: Scroll            ||     5
         Potion            ||     1
 Armour: Leather armour    ||     1
  Dodge: Dodged            ||     7

Table legend:
 A = Non-vault XP
 B = Vault XP
 C = Vault XP percentage of total XP
 D = Non-vault monster count
 E = Vault monster count
 F = Vault count percentage of total count
                 A         B        C        D         E       F
            +---------+---------+-------+---------+---------+-------
      Total |      34 |       0 |   0.0 |      23 |       0 |   0.0
            +---------+---------+-------+---------+---------+-------
        D:1 |      30 |       0 |   0.0 |      20 |       0 |   0.0
        D:2 |       4 |       0 |   0.0 |       3 |       0 |   0.0
            +---------+---------+-------+---------+---------+-------
